Description

Oriented to macro game with bio tank, starting with some mech units and fast 3rd CC. A strategy used by INnoVation in the World Electronic Sports Games 2018.

Replay - INnoVation v Maru: Game 2 - 카이로스 정션 - 래더

Build Order

Get SALT Encoding   

  14  0:16  Supply Depot  
  14  0:24  SCV  
  14  0:27  Refinery  
  15  0:38  SCV  
  16  0:44  Barracks  
  16  0:50  SCV  
  16  0:55  Refinery  
  19  1:31  Reaper  
  20  1:33  Factory  
  20  1:36  Orbital Command  
  20  1:45  Supply Depot  
  20  2:02  SCV  
  20  2:03  Reaper  
  22  2:14  SCV  
  23  2:17  Hellion  
  25  2:28  Command Center  
  25  2:30  SCV  
  25  2:35  Reaper  
  27  2:40  Hellion  
  29  2:45  Supply Depot  
  30  2:57  Starport  
  30  3:03  Factory Tech Lab  
  31  3:10  Barracks Tech Lab  
  29  3:27  Cyclone  
  32  3:39  Raven  
  32  3:41  Orbital Command  
  35  3:45  Refinery  
  35  3:51  Barracks Reactor  
  34  4:09  Cyclone  
  42  4:32  Raven  
  42  4:37  Supply Depot  
  45  4:39  Marine x2  Constant production.
  45  4:42  Command Center  
  48  4:47  Siege Tank  Constant production.
  53  4:53  Refinery  
  53  4:54  Supply Depot  
  60  5:32  Viking x2  Constant production.
  60  5:33  Stimpack  
  70  5:55  Orbital Command  
  92  6:52  Barracks x2  
  99  7:11  Engineering Bay x2  
  105  7:32  Barracks x2  
  104  7:39  Barracks Reactor x2  
Spawning Tool Build Advisor. Get it on Overwolf

Analysis

  • We can build a third raven, and push to the enemy third base. If the opponent goes mech units, stay at home, until 2-2 to push.
  • After start the 4th base, we add a factory with tech lab. And, when we have the 4th base with a few svc's, we build a starport with tech lab.
  • When we have enough vikings, we need at least a few medivacs for our bio units.
  • We should to win the air battle to make 2-3 libs. Some of them for harass. With the upgrade.
  • We can push when we have 2-2.

Go to:

Details

  • Created by: SamuTigreX
  • Published on: Mar 30, 2019
  • Modified on: Oct 19, 2019
  • Patch: 4.7.1
Show
View Real Time Build Order
Export as new Build Order

Comments (0)

There are no comments. Be the first!

Create an account to comment!